 Dungeon Crawl Stone Soup version 0.23.0 (webtiles) character file.

Game seed: 5053480824573066566

63111 HoaS the Brawler (level 15, 0/98 HPs)
             Began as a Gargoyle Berserker on Feb 8, 2019.
             Was a High Priest of Trog.
             Slain by a warg (4 damage)
             ... on level 2 of the Orcish Mines on Feb 9, 2019.
             The game lasted 00:59:40 (22563 turns).

HoaS the Brawler (Gargoyle Berserker)              Turns: 22563, Time: 00:59:41

Health: 0/98       AC: 45    Str: 22    XL:     15   Next: 8%
Magic:  15/15      EV: 12    Int: 12    God:    Trog [*****.]
Gold:   1405       SH:  0    Dex: 14    Spells: 14/14 levels left

rFire    . . .     SeeInvis .     - Unarmed
rCold    . . .     Gourm    .   (no shield)
rNeg     + . .     Faith    .   f - +10 plate armour of the Monkey's Uncle {+Inv rC- MR+ Int+4}
rPois    ∞         Spirit   .   (no helmet)
rElec    +         Reflect  .   m - +2 cloak
rCorr    .         Harm     .   o - +2 pair of gloves
MR       +++++                  K - +0 pair of boots
Stlth    ..........             e - amulet of the acrobat
HPRegen  1.26/turn              y - ring of protection from cold
MPRegen  0.14/turn              C - ring of protection from magic

@: flying, regenerating
A: big wings, negative energy resistance 1, electricity resistance, unbreathing,
petrification resistance, rot immunity, AC +11
a: Stop Flying, Berserk, Trog's Hand, Brothers in Arms, Renounce Religion, Evoke
Invisibility


You were on level 2 of the Orcish Mines.
You worshipped Trog.
Trog was extremely pleased with you.
You were not hungry.

You visited 3 branches of the dungeon, and saw 20 of its levels.
You visited 1 bazaar.
You also visited: Ice Cave.

You collected 2768 gold pieces.
You spent 1363 gold pieces at shops.

Inventory:

Armour
 f - the +10 plate armour of the Monkey's Uncle (worn) {+Inv rC- MR+ Int+4}
   (You bought it in a shop in a bazaar)

   It affects your intelligence (+4).
   It makes you vulnerable to cold.
   It affects your resistance to hostile enchantments.
   It lets you turn invisible.
 m - a +2 cloak (worn)
 o - a +2 pair of gloves (worn)
 K - a +0 pair of boots (worn)
Jewellery
 d - an uncursed ring of resist corrosion
 e - an amulet of the acrobat (around neck)
 y - a ring of protection from cold (left hand)
 C - a ring of protection from magic (right hand)
 H - an uncursed amulet of harm {unknown}
 I - an uncursed ring of protection from fire
 J - an uncursed ring of see invisible {unknown}
Wands
 k - a wand of paralysis (13)
 l - a wand of flame (48)
 n - a wand of enslavement (10)
 x - a wand of scattershot (2)
 B - a wand of polymorph (13)
 E - a wand of digging (6)
 G - a wand of iceblast (4)
Scrolls
 i - 10 scrolls of teleportation
 p - 3 scrolls of magic mapping
 q - a scroll of blinking
 s - 5 scrolls of fear
 t - 5 scrolls of fog
 A - 5 scrolls of remove curse
Potions
 a - 3 potions of lignification
 c - 2 potions of mutation
 g - 4 potions of heal wounds
 h - 5 potions of curing
 j - a potion of brilliance {unknown}
 r - 5 potions of flight {unknown}
 u - a potion of agility {unknown}
 v - 3 potions of ambrosia
 z - 3 potions of might {unknown}
 D - a potion of haste {unknown}
 F - 5 potions of resistance
Comestibles
 b - 33 rations


   Skills:
 + Level 13.1 Fighting
 + Level 12.8 Armour
 + Level 10.2 Dodging
 * Level 16.1 Unarmed Combat


You had 14 spell levels left.
You didn't know any spells.
Your spell library was empty.

Dungeon Overview and Level Annotations

Branches:
Dungeon (12/15)            Temple (0/1) D:6            Lair (6/6) D:11
  Swamp (0/4) Lair:4        Snake (0/4) Lair:4        Slime (0/5) Lair:5
    Orc (2/2) D:9             Elf (0/3) Orc:2

Altars:
Gozag
Zin
Jiyva

Shops:
D:5 !   D:6 [

Annotations:
Lair:5 1 runed translucent door


Innate Abilities, Weirdness & Mutations

You are resistant to torment.
Your stone body is resilient. (AC +11)
You are immune to poison.
Your large and strong wings let you fly indefinitely.
You resist negative energy. (rN+)
You are resistant to electric shocks. (rElec)
You can survive without breathing.
You are immune to petrification.
You are immune to rotting.


Message History

* * * LOW HITPOINT WARNING * * *
The gnoll hits the plant.
The orc warrior hits the plant but does no damage.
The orc hits the plant but does no damage.
An orc wizard comes into view. It is wielding a +0 dagger.
Your skin crawls.
You feel resistant to hostile enchantments.
You feel somewhat more hungry. The warg bites you but does no damage.
The orc hits the plant but does no damage.
Something hits the plant but does no damage. x2
The orc priest mumbles some strange prayers to Beogh against you.
Beogh smites you!
* * * LOW HITPOINT WARNING * * *
The orc hits the plant with a +0 mace.
The gnoll hits you but does no damage. The orc warrior misses you.
The orc sorcerer casts a spell.
The gnoll hits you but does no damage.
The orc priest begins to cast a cantrip, but forgets the words!
The warg bites you.
You die...

#.....$.......#.......
........#.........#.$.
.......$.........#....
......................
..........5......$....
##...$Ooo43..........
##.....oCooo4≈≈≈≈≈....
#....oohgo{P45.≈≈≈≈≈≈#
##.....@oPg.o.o≈≈≈≈..#
.....#TgOooPoo≈≈≈≈#.##
........oo.o.o.≈...##
..........oooo......#
#.#......#.oo..o#...#
#####.>.....ooo..#....
#.$......o........
##.....#ooo..o....


You could see an ettin, a hellwing, a neqoxec, a chaos spawn, a warg, 2 orc
sorcerers, a red devil, 9 orc warriors, 2 ogres, 8 orc priests, 3 orc wizards, 3
gnolls, a white imp, 11 orcs, an ufetubus and a friendly deep troll (berserk).

Vanquished Creatures
  Rupert (Lair:3)
  A white draconian (IceCv)
  10 hydras
  4 two-headed ogres
  A tengu warrior (D:12)
  Urug (Lair:3)
  3 death yaks (D:11)
  Sonja (Lair:1)
  Pikel (D:5)
  A black mamba (Lair:1)
  An ice statue (IceCv)
  15 elephants
  2 molten gargoyles (D:11)
  A torpor snail (Lair:4)
  A gargoyle (D:11)
  7 spiny frogs
  2 rime drakes
  6 komodo dragons
  14 polar bears
  5 hornets (Lair:6)
  A tengu conjurer (D:12)
  2 trolls
  Grinder (D:3)
  12 blink frogs
  3 dream sheep
  7 hippogriffs
  Sigmund (D:4)
  12 spriggans
  55 yaks
  A hungry ghost (D:10)
  Grum (Lair:1)
  2 basilisks
  A steam dragon (D:12)
  2 wyverns
  7 porcupines
  17 water moccasins
  6 orc warriors
  11 ice beasts
  2 phantoms
  2 sky beasts (D:11)
  6 black bears
  An eye of draining (D:12)
  5 ogres
  45 wolves
  7 centaurs
  A necrophage (D:9)
  5 boggarts (Lair:6)
  12 crocodiles
  6 big kobolds
  A wyvern zombie (D:6)
  7 bullfrogs
  A wyvern skeleton (D:11)
  4 scorpions
  5 killer bees (D:8)
  15 wights
  6 howler monkeys
  5 lava snakes (D:11)
  4 electric eels (Lair:4)
  6 crimson imps
  3 bullfrog zombies
  5 jellies
  7 orc priests
  2 bullfrog skeletons
  A gnoll shaman (D:10)
  10 hounds
  11 orc wizards
  3 centaur skeletons (D:10)
  Ijyb (D:3)
  Terence (D:2)
  3 iguanas
  A hell rat (D:11)
  12 worker ants
  A killer bee zombie (D:6)
  A hound skeleton (D:5)
  3 worker ant zombies
  4 gnolls
  A river rat (D:11)
  17 adders
  An adder zombie (D:6)
  An adder skeleton (D:8)
  2 dart slugs (D:1)
  6 leopard geckos
  58 orcs
  8 giant cockroaches
  8 goblins
  8 hobgoblins
  3 jackals (D:8)
  14 kobolds
  2 quokkas
  A ball python (D:2)
  6 bats
  5 frilled lizards
  A leopard gecko skeleton (D:7)
  9 rats
586 creatures vanquished.

Vanquished Creatures (others)
  2 slaves (D:5)
  An orc priest (D:5)
  An orc (D:5)
  9 fungi
  3 plants (Lair:5)
16 creatures vanquished.

Grand Total: 602 creatures vanquished

Notes
Turn   | Place    | Note
-------+----------+-------------------------------------------
     0 | D:1      | HoaS the Gargoyle Berserker began the quest for the Orb.
     0 | D:1      | Reached XP level 1. HP: 14/14 MP: 1/1
   263 | D:1      | Reached XP level 2. HP: 18/19 MP: 2/2
  1192 | D:2      | Reached XP level 3. HP: 15/23 MP: 3/3
  1502 | D:2      | Reached ** piety under Trog
  1711 | D:3      | Noticed Terence
  1734 | D:2      | Killed Terence
  1734 | D:2      | Reached XP level 4. HP: 29/29 MP: 4/4
  1767 | D:3      | Reached skill level 4 in Unarmed Combat
  2034 | D:3      | HP: 1/29 [orc/+1 hand axe of distortion (2)]
  2042 | D:3      | HP: 2/43 [leopard gecko (1)]
  2260 | D:3      | Noticed Grinder
  2300 | D:3      | Paralysed by Grinder for 2 turns
  2309 | D:3      | Killed Grinder
  2309 | D:3      | Reached skill level 5 in Unarmed Combat
  2309 | D:3      | Reached XP level 5. HP: 30/34 MP: 5/5
  2309 | D:3      | Reached XP level 6. HP: 35/39 MP: 6/6
  2458 | D:3      | Noticed Ijyb
  2476 | D:3      | Killed Ijyb
  3024 | D:4      | Noticed Sigmund
  3037 | D:4      | Reached XP level 7. HP: 41/44 MP: 7/7
  3071 | D:4      | Killed Sigmund
  3071 | D:4      | Reached skill level 5 in Fighting
  3860 | D:5      | Entered Level 5 of the Dungeon
  4158 | D:5      | Reached skill level 6 in Unarmed Combat
  4262 | D:5      | Noticed Pikel
  4289 | D:5      | Killed Pikel
  4289 | D:5      | Reached skill level 5 in Armour
  4289 | D:5      | Reached XP level 8. HP: 20/51 MP: 8/8
  4426 | D:5      | Found Biyqaipy's Distillery.
  4447 | D:5      | Reached skill level 7 in Unarmed Combat
  4587 | D:5      | Identified a scroll of acquirement
  4755 | D:5      | Reached *** piety under Trog
  5144 | D:6      | Reached XP level 9. HP: 56/56 MP: 9/9
  5210 | D:6      | Reached skill level 8 in Unarmed Combat
  5294 | D:6      | Found a staircase to the Ecumenical Temple.
  5382 | D:6      | Found Essetari's Armour Shoppe.
  5421 | D:6      | Bought a +0 plate armour for 299 gold pieces
  5687 | D:6      | Found a glowing silver altar of Zin.
  6371 | D:8      | Reached **** piety under Trog
  6385 | D:8      | Reached skill level 5 in Dodging
  6452 | D:8      | Reached skill level 9 in Unarmed Combat
  6467 | D:8      | Reached XP level 10. HP: 49/63 MP: 10/10
  6499 | D:8      | Noticed a two-headed hydra
  6510 | D:8      | Killed a two-headed hydra
  6628 | D:8      | Found an opulent altar of Gozag.
  7208 | D:9      | Reached skill level 10 in Unarmed Combat
  7279 | D:9      | Found a staircase to the Orcish Mines.
  7592 | D:9      | Noticed a two-headed ogre
  7599 | D:9      | Killed a two-headed ogre
  7599 | D:9      | Reached XP level 11. HP: 50/69 MP: 11/11
  7772 | D:9      | Noticed a two-headed ogre
  7782 | D:9      | Killed a two-headed ogre
  7782 | D:9      | Reached skill level 11 in Unarmed Combat
  7987 | D:10     | Entered Level 10 of the Dungeon
  8015 | D:10     | Reached ***** piety under Trog
  9008 | D:10     | Received a gift from Trog
  9511 | D:11     | Noticed a two-headed ogre
  9519 | D:11     | Killed a two-headed ogre
  9667 | D:11     | Found a staircase to the Lair.
  9667 | D:11     | Noticed a two-headed ogre
  9691 | D:11     | Killed a two-headed ogre
  9735 | D:11     | Noticed a death yak
  9740 | D:11     | Noticed a death yak
  9762 | D:11     | Killed a death yak
  9762 | D:11     | Reached skill level 12 in Unarmed Combat
  9763 | D:11     | Noticed a death yak
  9774 | D:11     | Killed a death yak
  9774 | D:11     | Reached XP level 12. HP: 53/77 MP: 12/12
  9785 | D:11     | Killed a death yak
  9785 | D:11     | Reached skill level 10 in Fighting
 10093 | D:11     | Noticed a four-headed hydra
 10104 | D:11     | Killed a four-headed hydra
 10787 | D:12     | Noticed a tengu warrior
 10813 | D:12     | Killed a tengu warrior
 10813 | D:12     | Reached skill level 10 in Armour
 11081 | D:12     | Got a vibrating platinum ring
 11137 | D:12     | Identified the ring of Enaghuff {+Fly MR+ Int+8 Dex-3} (You
                  | found it on level 12 of the Dungeon)
 11200 | D:12     | Received a gift from Trog
 11292 | D:12     | Noticed a six-headed hydra
 11305 | D:12     | Killed a six-headed hydra
 11564 | D:12     | Reached skill level 13 in Unarmed Combat
 11728 | Lair:1   | Entered Level 1 of the Lair of Beasts
 11916 | Lair:1   | Noticed Grum
 11939 | Lair:1   | Killed Grum
 12375 | Lair:1   | Noticed Sonja
 12457 | Lair:1   | Killed Sonja
 12472 | Lair:1   | Noticed a seven-headed hydra
 12480 | Lair:1   | Killed a seven-headed hydra
 13039 | Lair:2   | Reached XP level 13. HP: 84/84 MP: 13/13
 14144 | Lair:3   | Noticed Rupert
 14172 | Lair:3   | Killed Rupert
 14172 | Lair:3   | Reached skill level 14 in Unarmed Combat
 14386 | Lair:3   | Noticed Urug
 14425 | Lair:3   | Killed Urug
 15792 | Lair:4   | Found a frozen archway.
 15868 | IceCv    | Entered an ice cave
 16812 | IceCv    | Gained mutation: Your large and strong wings let you fly
                  | indefinitely. [Gargoyle growth]
 16812 | IceCv    | Reached XP level 14. HP: 71/92 MP: 14/14
 16889 | IceCv    | Noticed a white draconian
 16913 | IceCv    | Killed a white draconian
 17471 | Lair:4   | Reached skill level 15 in Unarmed Combat
 17786 | Lair:4   | Found a staircase to the Swamp.
 17847 | Lair:4   | Received a gift from Trog
 17890 | Lair:4   | Found a staircase to the Snake Pit.
 19306 | Lair:5   | Found a runed translucent door.
 19307 | Lair:5   | Found a viscous altar of Jiyva.
 19307 | Lair:5   | Found a staircase to the Slime Pits.
 19673 | Lair:6   | Entered Level 6 of the Lair of Beasts
 20574 | Lair:6   | Reached skill level 10 in Dodging
 20716 | Lair:6   | Received a gift from Trog
 21267 | Lair:6   | Reached skill level 16 in Unarmed Combat
 21352 | Lair:6   | Reached XP level 15. HP: 78/98 MP: 15/15
 21966 | Orc:1    | Entered Level 1 of the Orcish Mines
 22488 | Orc:2    | Entered Level 2 of the Orcish Mines
 22488 | Orc:2    | Found a flickering gateway to a bazaar.
 22488 | Orc:2    | Found a staircase to the Elven Halls.
 22498 | Bazaar   | Entered a bazaar
 22498 | Bazaar   | Found Cagicik's Weapon Emporium.
 22498 | Bazaar   | Found Taray's Food Shoppe.
 22498 | Bazaar   | Found Foerch's Assorted Antiques.
 22498 | Bazaar   | Found Maig's Antique Weapon Emporium.
 22498 | Bazaar   | Found Jaseff's General Store.
 22526 | Bazaar   | Bought a jewelled plate armour for 1064 gold pieces
 22536 | Bazaar   | Identified the +10 plate armour of the Monkey's Uncle {+Inv
                  | rC- MR+ Int+4} (You bought it in a shop in a bazaar)
 22563 | Orc:2    | HP: 4/98 [orc priest/divine providence (12)]
 22563 | Orc:2    | Slain by a warg

Skill      XL: |  1  2  3  4  5  6  7  8  9 10 11 12 13 14 |
---------------+-------------------------------------------+-----
Dodging        | 2 3 4 5 6 7 8 9 10 | 10.2
Unarmed Combat | 5 6 7 9 10 12 13 14 16 | 16.1
Armour         | 3 5 7 8 9 10 11 12 | 12.8
Fighting       | 4 5 6 7 8 9 11 12 13 | 13.1

Action                   |  1- 3 |  4- 6 |  7- 9 | 10-12 | 13-15 || total
-------------------------+-------+-------+-------+-------+-------++-------
Melee: Unarmed           |   107 |   141 |   437 |   904 |  1364 ||  2953
       Punch             |     1 |     4 |     8 |    39 |    91 ||   143
Invok: Berserk           |     1 |     1 |     1 |     5 |     3 ||    11
       Trog's Hand       |       |     2 |     1 |     4 |     3 ||    10
       Brothers in Arms  |       |       |       |       |     1 ||     1
 Abil: Fly               |       |       |       |       |     1 ||     1
Evoke: Wand              |       |       |       |     4 |       ||     4
  Use: Scroll            |     4 |     4 |     8 |     9 |     6 ||    31
       Potion            |       |       |     1 |       |     1 ||     2
 Stab: Sleeping          |     1 |       |       |       |       ||     1
  Eat: Chunk             |     3 |     6 |    12 |    30 |    33 ||    84
       Ration            |       |       |       |       |     1 ||     1
Armor: Animal skin       |    41 |       |       |       |       ||    41
       Ring mail         |       |    56 |    87 |       |       ||   143
       Scale mail        |       |       |    40 |       |       ||    40
       Plate armour      |       |       |    55 |   536 |  1119 ||  1710
       Skin              |       |       |       |     2 |       ||     2
       Steam dragon scal |       |       |       |     1 |       ||     1
Dodge: Dodged            |    62 |    91 |   202 |   467 |  1052 ||  1874
